 Dungeon Crawl Stone Soup version 0.29.0-4-gdea44cf6ec (webtiles) character file.

Game seed: 2292634686303947645

32529 qw the Severer (level 13, 0/171 HPs)
             Began as a Minotaur Berserker on Sept 9, 2022.
             Was an Elder of Trog.
             Succumbed to a black mamba's poison
             ... on level 5 of the Lair of Beasts.
             The game lasted 00:05:47 (18362 turns).

qw the Severer (Minotaur Berserker)                Turns: 18362, Time: 00:05:47

Health: 0/171      AC: 29    Str: 27    XL:     13   Next: 31%
Magic:  12/12      EV:  5    Int:  4    God:    Trog [****..]
Gold:   1098       SH: 12    Dex: 10    Spells: 12/12 levels left

rFire   . . .      SeeInvis +   p - +2 broad axe (elec)
rCold   . . .      Faith    .   m - +0 kite shield
rNeg    . . .      Spirit   .   k - +2 crystal plate armour
rPois   .          Reflect  .   (helmet restricted)
rElec   .          Harm     .   o - +0 cloak
rCorr   .          Rampage  .   (no gloves)
Will    .....                   (no boots)
Stlth   ..........              d - amulet of the acrobat
HPRegen 0.38/turn               f - +4 ring of protection
MPRegen 0.13/turn               n - ring of see invisible

@: berserking, lethally poisoned (0 -> -29), very quick
A: horns 2, retaliatory headbutt
a: Renounce Religion, Berserk, Trog's Hand, Brothers in Arms


You were on level 5 of the Lair of Beasts.
You worshipped Trog.
Trog was greatly pleased with you.
You visited 2 branches of the dungeon, and saw 16 of its levels.

You collected 1098 gold pieces.


Innate Abilities, Weirdness & Mutations

You have a pair of horns on your head.
You reflexively headbutt those who attack you in melee.


   Skills:
 - Level 10.3 Fighting
 + Level 16.9 Axes
 - Level 4.2 Throwing
 - Level 12.1 Armour
 - Level 3.0 Dodging
 - Level 15.3 Shields


You had 12 spell levels left.
You didn't know any spells.
Your spell library was empty.

Inventory:

Hand Weapons
 h - a +0 morningstar
 p - a +2 broad axe of electrocution (weapon)
Armour
 k - a +2 crystal plate armour (worn)
 m - a +0 kite shield (worn)
 o - a +0 cloak (worn)
Jewellery
 c - a +6 ring of strength
 d - an amulet of the acrobat (around neck)
 f - a +4 ring of protection (left hand)
 n - a ring of see invisible (right hand)
Scrolls
 b - 9 scrolls of identify
 l - 3 scrolls of teleportation
Potions
 a - 4 potions of haste
 e - 2 potions of curing
 g - 2 potions of might
 i - 2 potions of mutation
 j - 5 potions of heal wounds

Dungeon Overview and Level Annotations

Branches:
Dungeon (11/15)            Temple (0/1) D:6            Lair (5/5) D:11
  Swamp (0/4) Lair:2        Snake (0/4) Lair:2          Orc (0/2) D:9
  Slime: Lair:4-5

Altars:
Ashenzari
Cheibriados
Dithmenos
Elyvilon
Fedhas
Kikubaaqudgha
Nemelex Xobeh
Trog
Xom
Yredelemnul
Zin

Annotations:
D:6 3 runed translucent doors, qw's ghost, novice FoCA


Message History

You kill the redback!
Trog accepts your kill.
You barely miss the elephant. You slash the elephant!
You barely miss the elephant. You barely miss the black mamba.
You feel very sick. You block the black mamba's attack.
The elephant completely misses you.
The elephant trunk-slaps you but does no damage.
The elephant tramples you!
You hold your ground!
You block the elephant's attack. The elephant barely misses you.
The elephant trunk-slaps you but does no damage.
You slash the elephant!
The elephant is severely wounded.
You slash the endoplasm!
You kill the endoplasm!
Trog accepts your kill.
You slash the elephant! You hit the elephant. x2
Lightning courses through the elephant! You barely miss the black mamba.
You feel very sick. You block the black mamba's attack.
You slice the elephant!! Lightning courses through the elephant!
You feel the power of Trog in you as your rage grows.
You kill the elephant!
Trog accepts your kill.
You hit the elephant but do no damage. You slash the elephant! x2
Lightning courses through the elephant! You barely miss the black mamba.
You feel very sick. The black mamba bites you!
You are more poisoned.
The black mamba poisons you! You block the elephant's attack. x2
The elephant tramples you!
You hold your ground!
The elephant trunk-slaps you but does no damage.
The elephant tramples you but does no damage.
You block the elephant's attack.
You slice the elephant!!
You kill the elephant!
Trog accepts your kill.
You hit the elephant. You slash the elephant!
Lightning courses through the elephant! You closely miss the black mamba.
You slash the water moccasin!
You die...

##........
..........#......
...........#....
.......#.?
.........####
............#
...........
.......YS#
(.....JY@#
.......%S.......
...........P....
....##..$..P..##
... .#...P.### ..
.##.P.### . ..


PPP.# .. PP.PP You could see 2 elephants, a black mamba, a water moccasin and an
endoplasm.

Vanquished Creatures
  Fannar (Lair:2)
  A hydra (Lair:4)
  A two-headed ogre (D:11)
  Lodul (D:10)
  12 elephants
  4 black mambas
  Joseph (D:10)
  5 cane toads
  4 gargoyles
  5 rime drakes
  3 komodo dragons
  A troll (D:11)
  5 polar bears
  8 blink frogs
  2 shadows
  Sigmund (D:2)
  A vampire (D:10)
  A wraith (D:9)
  8 wyverns
  A basilisk (Lair:4)
  27 yaks
  7 vampire mosquitoes
  A redback (Lair:5)
  5 nagas (Lair:2)
  2 acid dragons (Lair:5)
  3 water moccasins
  5 ice beasts
  4 orc warriors
  2 sky beasts
  2 black bears
  10 ogres
  20 wolves
  3 centaurs
  5 phantoms
  A kobold brigand (D:7)
  9 bullfrogs
  A necrophage (D:5)
  5 scorpions
  3 gnoll sergeants
  11 wights
  2 troll zombies (D:9)
  4 howler monkeys
  An electric eel (Lair:2)
  A bullfrog zombie (D:6)
  A centaur zombie (D:6)
  A jelly (D:5)
  6 orc priests
  2 hounds
  4 iguanas
  6 orc wizards
  6 ogre zombies (D:9)
  13 gnolls
  8 adders
  A white imp (Lair:2)
  3 ufetubi
  A worm (D:3)
  2 dart slugs (D:3)
  24 orcs
  2 ball pythons
  2 bats (D:1)
  9 endoplasms
  5 giant cockroaches
  7 goblins
  6 hobgoblins
  2 jackals (D:5)
  16 kobolds
  2 quokkas
  6 frilled lizards
  4 goblin zombies (D:9)
  3 hobgoblin skeletons (D:9)
  4 hobgoblin zombies (D:9)
  3 orc skeletons (D:9)
  11 orc zombies (D:9)
  4 rats
364 creatures vanquished.

Vanquished Creatures (collateral kills)
  An ice dragon (Lair:2)
  3 vampire mosquitoes (Lair:2)
4 creatures vanquished.

Vanquished Creatures (others)
  18 fungi
  30 plants
48 creatures vanquished.

Grand Total: 416 creatures vanquished

Notes
Turn   | Place    | Note
-------+----------+-------------------------------------------
     0 | D:1      | qw the Minotaur Berserker began the quest for the Orb.
     0 | D:1      | Reached XP level 1. HP: 19/19 MP: 0/0
     0 | D:1      | 0 ||| qw: Version: 0.1-a-113-g051387a
     0 | D:1      | 0 ||| qw: Game counter: 6986
     0 | D:1      | 0 ||| qw: Always use a shield: true
     0 | D:1      | 0 ||| qw: Do Orc after D:15 true
     0 | D:1      | 0 ||| qw: Do second Lair branch before Depths: true
     0 | D:1      | 0 ||| qw: Lair rune preference: random
     0 | D:1      | 0 ||| qw: Plans: Normal
     0 | D:1      | 0 ||| PLANNING D:1-11
   272 | D:1      | Reached skill level 4 in Axes
   431 | D:1      | Reached XP level 2. HP: 26/26 MP: 1/1
   633 | D:1      | Found a faded altar of an unknown god.
   679 | D:1      | 679 ||| UPGRADING to +0 chain mail.
   689 | D:1      | 689 ||| DROPPING +0 animal skin.
   690 | D:1      | 690 ||| UPGRADING to +4 ring of protection.
   691 | D:1      | 691 ||| READING scroll labelled HUWEIF RETO.
   692 | D:1      | 692 ||| READING scroll labelled VUC UN UMYOTU.
   955 | D:2      | Found a bloodstained altar of Trog.
  1024 | D:2      | Noticed Sigmund
  1026 | D:2      | 1026 ||| INVOKING Berserk.
  1035 | D:2      | Killed Sigmund
  1036 | D:2      | Reached skill level 7 in Axes
  1036 | D:2      | Reached XP level 3. HP: 26/31 MP: 2/2
  1036 | D:2      | Reached XP level 4. HP: 32/39 MP: 3/3
  1036 | D:2      | Reached XP level 5. HP: 37/45 MP: 4/4
  1166 | D:2      | 1166 ||| Stepping ~*~*~tactically~*~*~ (stealth).
  1167 | D:2      | 1167 ||| Stepping ~*~*~tactically~*~*~ (stealth).
  1369 | D:2      | 1369 ||| READING scroll labelled PUEBLERPHUM.
  1370 | D:2      | 1370 ||| READING scroll labelled YSHOLO WOWOACIU.
  1374 | D:2      | 1374 ||| READING scroll labelled VUTZOS HARU.
  1520 | D:3      | Reached ** piety under Trog
  1772 | D:3      | 1772 ||| Stepping ~*~*~tactically~*~*~ (stealth).
  2308 | D:3      | 2308 ||| UPGRADING to +0 kite shield.
  2313 | D:3      | 2313 ||| READING scroll labelled WUFU HURORYLYIPN.
  2314 | D:3      | 2314 ||| READING scroll labelled BYEKLU XUUPLIG.
  2315 | D:3      | 2315 ||| READING scroll labelled GAFRURRE NAIFICIU.
  2316 | D:3      | 2316 ||| Stepping randomly (stuck).
  2317 | D:3      | 2317 ||| Stepping ~*~*~tactically~*~*~ (cloud).
  2519 | D:4      | Reached skill level 1 in Shields
  2519 | D:4      | 2519 ||| FLEEEEING.
  2520 | D:4      | 2520 ||| FLEEEEING.
  2521 | D:4      | 2521 ||| FLEEEEING.
  2522 | D:4      | 2522 ||| FLEEEEING.
  2523 | D:4      | 2523 ||| FLEEEEING.
  2524 | D:4      | 2524 ||| FLEEEEING.
  2525 | D:4      | 2525 ||| FLEEEEING.
  2526 | D:4      | 2526 ||| FLEEEEING.
  2527 | D:4      | 2527 ||| FLEEEEING.
  2528 | D:4      | 2528 ||| FLEEEEING.
  2530 | D:4      | 2530 ||| STAIRDANCE
  2652 | D:4      | 2652 ||| DROPPING +0 mace.
  2680 | D:4      | 2680 ||| INVOKING Berserk.
  2686 | D:4      | Reached XP level 6. HP: 52/52 MP: 5/5
  2714 | D:4      | 2714 ||| Stepping ~*~*~tactically~*~*~ (stealth).
  2758 | D:4      | 2758 ||| Stepping ~*~*~tactically~*~*~ (stealth).
  2827 | D:4      | Found a snail-covered altar of Cheibriados.
  2870 | D:4      | 2870 ||| Stepping ~*~*~tactically~*~*~ (stealth).
  2872 | D:4      | 2872 ||| Stepping ~*~*~tactically~*~*~ (hiding).
  2878 | D:4      | 2878 ||| INVOKING Berserk.
  2882 | D:4      | Reached skill level 3 in Shields
  3032 | D:4      | 3032 ||| Stepping ~*~*~tactically~*~*~ (stealth).
  3035 | D:4      | 3035 ||| Stepping ~*~*~tactically~*~*~ (stealth).
  3241 | D:4      | 3241 ||| UPGRADING to +0 crystal plate armour.
  3251 | D:4      | 3251 ||| DROPPING +0 chain mail.
  3252 | D:4      | 3252 ||| DRINKING 2 metallic pink potions.
  3253 | D:4      | 3253 ||| DRINKING 2 inky potions.
  3254 | D:4      | 3254 ||| DRINKING 3 fuming golden potions.
  3255 | D:4      | 3255 ||| DRINKING 2 red potions.
  3256 | D:4      | 3256 ||| DROPPING potion of flight.
  3267 | D:5      | Entered Level 5 of the Dungeon
  3292 | D:5      | 3292 ||| INVOKING Berserk.
  3456 | D:5      | Reached *** piety under Trog
  3457 | D:5      | Reached skill level 3 in Armour
  3514 | D:5      | Found a shadowy altar of Dithmenos.
  3519 | D:5      | Found a blossoming altar of Fedhas.
  3637 | D:5      | 3637 ||| Stepping ~*~*~tactically~*~*~ (stealth).
  3646 | D:5      | 3646 ||| INVOKING Berserk.
  3650 | D:5      | Reached XP level 7. HP: 37/59 MP: 6/6
  3906 | D:5      | 3906 ||| INVOKING Berserk.
  3910 | D:5      | Reached skill level 8 in Axes
  3958 | D:5      | 3958 ||| Stepping ~*~*~tactically~*~*~ (stealth).
  3959 | D:5      | 3959 ||| Stepping ~*~*~tactically~*~*~ (stealth).
  3967 | D:5      | 3967 ||| INVOKING Berserk.
  3976 | D:5      | Reached skill level 6 in Shields
  4156 | D:5      | 4156 ||| INVOKING Berserk.
  4282 | D:5      | Reached skill level 9 in Axes
  4423 | D:5      | Found a white marble altar of Elyvilon.
  4497 | D:5      | Reached XP level 8. HP: 57/66 MP: 7/7
  4551 | D:5      | Identified the +3 sling of the Moth {venom, Fragile rElec
                  | SInv}
  4675 | D:5      | 4675 ||| READING 2 scrolls of enchant armour.
  4675 | D:5      | 4675 ||| ENCHANTING +0 crystal plate armour.
  4676 | D:5      | 4676 ||| READING scroll of enchant armour.
  4676 | D:5      | 4676 ||| ENCHANTING +1 crystal plate armour.
  4812 | D:5      | 4812 ||| DRINKING 4 amethyst potions.
  4813 | D:5      | 4813 ||| READING 3 scrolls of identify.
  4813 | D:5      | 4813 ||| IDENTIFYING metallic green potion
  4814 | D:5      | 4814 ||| DROPPING 3 potions of brilliance.
  4815 | D:5      | 4815 ||| DROPPING potion of attraction.
  4854 | D:6      | Found a bloodstained altar of Trog.
  4860 | D:6      | 4860 ||| Stepping ~*~*~tactically~*~*~ (hiding).
  4866 | D:6      | 4866 ||| INVOKING Berserk.
  4883 | D:6      | HP: 12/67 [orc warrior/+0 trident (8)]
  4884 | D:6      | 4884 ||| READING 2 scrolls of teleportation.
  4885 | D:6      | 4885 ||| DRINKING 3 potions of heal wounds.
  4887 | D:6      | Found a glowing silver altar of Zin.
  4962 | D:6      | 4962 ||| Stepping ~*~*~tactically~*~*~ (stealth).
  4963 | D:6      | 4963 ||| Stepping ~*~*~tactically~*~*~ (stealth).
  5160 | D:6      | 5160 ||| INVOKING Berserk.
  5286 | D:6      | Found a shimmering altar of Xom.
  5286 | D:6      | Found an ancient bone altar of Kikubaaqudgha.
  5325 | D:6      | Found a runed translucent gate.
  5325 | D:6      | Found a runed translucent gate.
  5325 | D:6      | Found a runed translucent gate.
  5325 | D:6      | Noticed qw's ghost (novice FoCA)
  5327 | D:6      | 5327 ||| READING scroll labelled XAUCWY QEOS.
  5328 | D:6      | Found a basalt altar of Yredelemnul.
  5329 | D:6      | 5329 ||| READING scroll of teleportation.
  5409 | D:6      | 5409 ||| READING scroll labelled ICSAIC JUXA.
  5410 | D:6      | 5410 ||| READING 3 scrolls of identify.
  5410 | D:6      | 5410 ||| IDENTIFYING fuming blue potion
  5411 | D:6      | 5411 ||| DRINKING potion of experience.
  5411 | D:6      | Reached skill level 15 in Shields
  5411 | D:6      | Reached XP level 9. HP: 74/74 MP: 8/8
  5412 | D:6      | 5412 ||| Stepping randomly (stuck).
  5461 | D:6      | 5461 ||| INVOKING Berserk.
  5609 | D:6      | Found a staircase to the Ecumenical Temple.
  5890 | D:7      | 5890 ||| INVOKING Berserk.
  6099 | D:7      | 6099 ||| SWAPPING to +3 hand axe.
  6100 | D:7      | 6100 ||| DROPPING +0 hand axe.
  6119 | D:7      | 6119 ||| INVOKING Berserk.
  6123 | D:7      | Reached skill level 10 in Axes
  6486 | D:7      | 6486 ||| Stepping ~*~*~tactically~*~*~ (stealth).
  6494 | D:7      | Reached skill level 1 in Throwing
  6530 | D:7      | 6530 ||| Stepping ~*~*~tactically~*~*~ (stealth).
  6534 | D:7      | 6534 ||| Stepping ~*~*~tactically~*~*~ (stealth).
  6549 | D:7      | Reached skill level 6 in Armour
  6817 | D:7      | 6817 ||| UPGRADING to amulet of the acrobat.
  6822 | D:7      | 6822 ||| READING scroll labelled LIEMIE ROGETAX.
  6823 | D:7      | 6823 ||| READING 3 scrolls of identify.
  6823 | D:7      | 6823 ||| IDENTIFYING sapphire potion
  6824 | D:7      | 6824 ||| READING 2 scrolls of identify.
  6824 | D:7      | 6824 ||| IDENTIFYING bubbling orange potion
  6825 | D:7      | 6825 ||| DROPPING potion of degeneration.
  6871 | D:8      | 6871 ||| STAIRDANCE
  6873 | D:7      | 6873 ||| INVOKING Berserk.
  7010 | D:8      | 7010 ||| INVOKING Berserk.
  7120 | D:8      | Reached XP level 10. HP: 83/83 MP: 9/9
  7139 | D:8      | Reached skill level 6 in Fighting
  7260 | D:8      | 7260 ||| Stepping ~*~*~tactically~*~*~ (stealth).
  7403 | D:8      | Identified the +0 leather armour "Jisaut" {rCorr Int-3
                  | Slay+3}
  7920 | D:8      | 7920 ||| READING scroll labelled RUPUEHEISH.
  7954 | D:9      | 7954 ||| Stepping ~*~*~tactically~*~*~ (stealth).
  7956 | D:9      | 7956 ||| Stepping ~*~*~tactically~*~*~ (stealth).
  7974 | D:9      | 7974 ||| FLEEEEING.
  7975 | D:9      | 7975 ||| FLEEEEING.
  7976 | D:9      | 7976 ||| FLEEEEING.
  7977 | D:9      | 7977 ||| FLEEEEING.
  7978 | D:9      | 7978 ||| FLEEEEING.
  7979 | D:9      | 7979 ||| FLEEEEING.
  7980 | D:9      | 7980 ||| FLEEEEING.
  7981 | D:9      | 7981 ||| FLEEEEING.
  7982 | D:9      | 7982 ||| FLEEEEING.
  7983 | D:9      | 7983 ||| FLEEEEING.
  7984 | D:9      | 7984 ||| FLEEEEING.
  7985 | D:9      | 7985 ||| FLEEEEING.
  7986 | D:9      | 7986 ||| FLEEEEING.
  7987 | D:9      | 7987 ||| FLEEEEING.
  7988 | D:9      | 7988 ||| FLEEEEING.
  7989 | D:9      | 7989 ||| FLEEEEING.
  7990 | D:9      | 7990 ||| FLEEEEING.
  7991 | D:9      | 7991 ||| FLEEEEING.
  7992 | D:9      | 7992 ||| STAIRDANCE
  8119 | D:9      | 8119 ||| Stepping ~*~*~tactically~*~*~ (stealth).
  8127 | D:9      | 8127 ||| Stepping ~*~*~tactically~*~*~ (stealth).
  8130 | D:9      | 8130 ||| Stepping ~*~*~tactically~*~*~ (stealth).
  8155 | D:9      | Found a staircase to the Orcish Mines.
  8157 | D:9      | 8157 ||| Stepping ~*~*~tactically~*~*~ (stealth).
  8160 | D:9      | 8160 ||| Stepping ~*~*~tactically~*~*~ (stealth).
  8180 | D:9      | 8180 ||| Stepping ~*~*~tactically~*~*~ (stealth).
  8181 | D:9      | 8181 ||| Stepping ~*~*~tactically~*~*~ (stealth).
  8188 | D:9      | 8188 ||| Stepping ~*~*~tactically~*~*~ (stealth).
  8195 | D:9      | Reached skill level 11 in Axes
  8198 | D:9      | 8198 ||| FLEEEEING.
  8199 | D:9      | 8199 ||| FLEEEEING.
  8200 | D:9      | 8200 ||| FLEEEEING.
  8201 | D:9      | 8201 ||| FLEEEEING.
  8215 | D:9      | Reached **** piety under Trog
  8426 | D:9      | Noticed a gargoyle
  8427 | D:9      | 8427 ||| Stepping ~*~*~tactically~*~*~ (hiding).
  8441 | D:9      | Killed a gargoyle
  8488 | D:9      | 8488 ||| DROPPING +0 flail.
  8754 | D:9      | 8754 ||| Stepping ~*~*~tactically~*~*~ (stealth).
  8756 | D:9      | 8756 ||| Stepping ~*~*~tactically~*~*~ (hiding).
  8799 | D:9      | Found a broken altar of Ashenzari.
  8802 | D:9      | 8802 ||| Stepping ~*~*~tactically~*~*~ (stealth).
  8805 | D:9      | 8805 ||| Stepping ~*~*~tactically~*~*~ (stealth).
  8816 | D:9      | 8816 ||| Stepping ~*~*~tactically~*~*~ (stealth).
  8967 | D:9      | Found a sparkling altar of Nemelex Xobeh.
  9236 | D:9      | 9236 ||| UPGRADING to +6 ring of strength.
  9237 | D:9      | 9237 ||| READING scroll labelled DOMAME YC EPP.
  9410 | D:9      | 9410 ||| READING scroll labelled XOAZASU JAFIMM.
  9511 | D:9      | 9511 ||| DRINKING 2 blue potions.
  9583 | D:10     | Entered Level 10 of the Dungeon
  9586 | D:10     | 9586 ||| FLEEEEING.
  9587 | D:10     | 9587 ||| STAIRDANCE
  9683 | D:10     | 9683 ||| STAIRDANCE
  9754 | D:10     | 9754 ||| STAIRDANCE
  9763 | D:10     | 9763 ||| INVOKING Berserk.
  9783 | D:10     | 9783 ||| DRINKING 2 potions of curing.
  9783 | D:10     | 9783 ||| (to cure confusion)
  9791 | D:10     | Reached skill level 12 in Axes
  9944 | D:10     | Noticed Joseph
  9945 | D:10     | 9945 ||| Stepping ~*~*~tactically~*~*~ (stealth).
  9946 | D:10     | 9946 ||| Stepping ~*~*~tactically~*~*~ (stealth).
  9958 | D:10     | Killed Joseph
 10041 | D:10     | Reached XP level 11. HP: 91/91 MP: 10/10
 10141 | D:10     | Noticed Lodul
 10142 | D:10     | 10142 ||| Stepping ~*~*~tactically~*~*~ (stealth).
 10150 | D:10     | 10150 ||| Stepping ~*~*~tactically~*~*~ (stealth).
 10151 | D:10     | 10151 ||| INVOKING Berserk.
 10159 | D:10     | Killed Lodul
 10180 | D:10     | 10180 ||| Stepping ~*~*~tactically~*~*~ (stealth).
 10181 | D:10     | 10181 ||| Stepping ~*~*~tactically~*~*~ (stealth).
 10182 | D:10     | 10182 ||| Stepping ~*~*~tactically~*~*~ (stealth).
 10183 | D:10     | 10183 ||| Stepping ~*~*~tactically~*~*~ (stealth).
 10185 | D:10     | 10185 ||| Stepping ~*~*~tactically~*~*~ (stealth).
 10196 | D:10     | Reached skill level 13 in Axes
 10196 | D:10     | 10196 ||| FLEEEEING.
 10197 | D:10     | 10197 ||| FLEEEEING.
 10198 | D:10     | 10198 ||| FLEEEEING.
 10199 | D:10     | 10199 ||| FLEEEEING.
 10200 | D:10     | 10200 ||| FLEEEEING.
 10201 | D:10     | 10201 ||| FLEEEEING.
 10202 | D:10     | 10202 ||| FLEEEEING.
 10203 | D:10     | 10203 ||| FLEEEEING.
 10205 | D:10     | 10205 ||| FLEEEEING.
 10207 | D:10     | 10207 ||| FLEEEEING.
 10208 | D:10     | 10208 ||| FLEEEEING.
 10209 | D:10     | 10209 ||| FLEEEEING.
 10210 | D:10     | 10210 ||| FLEEEEING.
 10211 | D:10     | 10211 ||| FLEEEEING.
 10212 | D:10     | 10212 ||| FLEEEEING.
 10213 | D:10     | 10213 ||| FLEEEEING.
 10214 | D:10     | 10214 ||| FLEEEEING.
 10215 | D:10     | 10215 ||| FLEEEEING.
 10216 | D:10     | 10216 ||| FLEEEEING.
 10217 | D:10     | 10217 ||| FLEEEEING.
 10219 | D:10     | 10219 ||| FLEEEEING.
 10220 | D:10     | 10220 ||| FLEEEEING.
 10221 | D:10     | 10221 ||| FLEEEEING.
 10222 | D:10     | 10222 ||| FLEEEEING.
 10223 | D:10     | 10223 ||| FLEEEEING.
 10224 | D:10     | 10224 ||| FLEEEEING.
 10225 | D:10     | 10225 ||| FLEEEEING.
 10226 | D:10     | 10226 ||| FLEEEEING.
 10227 | D:10     | 10227 ||| STAIRDANCE
 10391 | D:9      | 10391 ||| UPGRADING to +0 cloak.
 10439 | D:10     | 10439 ||| SWAPPING to +2 war axe of venom.
 10440 | D:10     | 10440 ||| DROPPING +4 hand axe.
 10882 | D:11     | Noticed a two-headed ogre
 10882 | D:11     | 10882 ||| Stepping ~*~*~tactically~*~*~ (stealth).
 10885 | D:11     | 10885 ||| INVOKING Berserk.
 10889 | D:11     | Killed a two-headed ogre
 10983 | D:11     | 10983 ||| Stepping ~*~*~tactically~*~*~ (stealth).
 10990 | D:11     | 10990 ||| Stepping ~*~*~tactically~*~*~ (stealth).
 11057 | D:11     | 11057 ||| Stepping ~*~*~tactically~*~*~ (hiding).
 11064 | D:11     | Reached skill level 3 in Throwing
 11104 | D:11     | 11104 ||| Stepping ~*~*~tactically~*~*~ (stealth).
 11147 | D:11     | Found a staircase to the Lair.
 11252 | D:11     | 11252 ||| Stepping ~*~*~tactically~*~*~ (stealth).
 11254 | D:11     | 11254 ||| Stepping ~*~*~tactically~*~*~ (hiding).
 11258 | D:11     | Reached ***** piety under Trog
 11307 | D:11     | 11307 ||| INVOKING Berserk.
 11456 | D:11     | 11456 ||| Stepping ~*~*~tactically~*~*~ (hiding).
 11636 | D:11     | Identified the +3 flail "Paruet" {flame, Str+3 Int+2}
 11638 | D:11     | 11638 ||| DROPPING +3 flail "Paruet" {flame, Str+3 Int+2}.
 11725 | D:11     | 11725 ||| PLANNING LAIR
 11725 | D:11     | 11725 ||| DROPPING amulet of faith.
 11777 | Lair:1   | Entered Level 1 of the Lair of Beasts
 11781 | Lair:1   | 11781 ||| INVOKING Berserk.
 11994 | Lair:1   | Found a dark tunnel.
 12054 | Lair:1   | 12054 ||| Stepping ~*~*~tactically~*~*~ (stealth).
 12055 | Lair:1   | 12055 ||| Stepping ~*~*~tactically~*~*~ (stealth).
 12072 | Lair:1   | Reached skill level 14 in Axes
 12134 | Lair:1   | 12134 ||| Stepping ~*~*~tactically~*~*~ (stealth).
 12234 | Lair:1   | 12234 ||| INVOKING Berserk.
 12378 | Lair:1   | 12378 ||| Stepping ~*~*~tactically~*~*~ (stealth).
 12379 | Lair:1   | 12379 ||| Stepping ~*~*~tactically~*~*~ (stealth).
 12392 | Lair:1   | Reached skill level 9 in Armour
 12881 | Lair:1   | 12881 ||| DROPPING ring of positive energy.
 12882 | Lair:1   | 12882 ||| DRINKING 2 glowing puce potions.
 12986 | Lair:1   | 12986 ||| DROPPING potion of berserk rage.
 13084 | Lair:2   | 13084 ||| FLEEEEING.
 13085 | Lair:2   | 13085 ||| FLEEEEING.
 13086 | Lair:2   | 13086 ||| FLEEEEING.
 13087 | Lair:2   | 13087 ||| STAIRDANCE
 13186 | Lair:1   | 13186 ||| READING scroll labelled EXULEZXAXE.
 13189 | Lair:2   | 13189 ||| STAIRDANCE
 13236 | Lair:2   | 13236 ||| INVOKING Berserk.
 13386 | Lair:2   | Noticed Fannar
 13400 | Lair:2   | Killed Fannar
 13401 | Lair:2   | Reached XP level 12. HP: 80/102 MP: 11/11
 13484 | Lair:2   | 13484 ||| Stepping ~*~*~tactically~*~*~ (stealth).
 13511 | Lair:2   | 13511 ||| INVOKING Berserk.
 13637 | Lair:2   | 13637 ||| INVOKING Brothers in Arms.
 13638 | Lair:2   | 13638 ||| INVOKING Brothers in Arms.
 13650 | Lair:2   | Reached skill level 15 in Axes
 13654 | Lair:2   | Found a staircase to the Swamp.
 13677 | Lair:2   | 13677 ||| Stepping ~*~*~tactically~*~*~ (hiding).
 13678 | Lair:2   | 13678 ||| Stepping ~*~*~tactically~*~*~ (hiding).
 13684 | Lair:2   | 13684 ||| INVOKING Berserk.
 13690 | Lair:2   | Reached skill level 9 in Fighting
 13703 | Lair:2   | 13703 ||| FLEEEEING.
 13705 | Lair:2   | Reached skill level 3 in Dodging
 13710 | Lair:2   | 13710 ||| FLEEEEING.
 13711 | Lair:2   | 13711 ||| FLEEEEING.
 13712 | Lair:2   | 13712 ||| FLEEEEING.
 13713 | Lair:2   | 13713 ||| FLEEEEING.
 13714 | Lair:2   | 13714 ||| INVOKING Brothers in Arms.
 13721 | Lair:2   | 13721 ||| Stepping ~*~*~tactically~*~*~ (cloud).
 13737 | Lair:2   | Noticed an ice dragon
 13741 | Lair:2   | 13741 ||| Stepping ~*~*~tactically~*~*~ (cloud).
 13742 | Lair:2   | 13742 ||| INVOKING Berserk.
 13742 | Lair:2   | Killed an ice dragon
 14159 | Lair:2   | 14159 ||| Stepping ~*~*~tactically~*~*~ (hiding).
 14172 | Lair:2   | 14172 ||| Stepping ~*~*~tactically~*~*~ (stealth).
 14185 | Lair:2   | Found a staircase to the Snake Pit.
 14193 | Lair:2   | 14193 ||| INVOKING Berserk.
 14572 | Lair:2   | 14572 ||| INVOKING Brothers in Arms.
 15013 | Lair:3   | 15013 ||| INVOKING Berserk.
 15418 | Lair:3   | 15418 ||| Stepping ~*~*~tactically~*~*~ (hiding).
 15587 | Lair:3   | 15587 ||| READING scroll of enchant weapon.
 15587 | Lair:3   | 15587 ||| ENCHANTING +2 war axe of protection.
 15647 | Lair:3   | Reached skill level 16 in Axes
 15655 | Lair:3   | 15655 ||| Stepping ~*~*~tactically~*~*~ (stealth).
 15656 | Lair:3   | 15656 ||| Stepping ~*~*~tactically~*~*~ (stealth).
 16246 | Lair:3   | 16246 ||| UPGRADING to ring of see invisible.
 16276 | Lair:4   | 16276 ||| STAIRDANCE
 16303 | Lair:4   | 16303 ||| Stepping ~*~*~tactically~*~*~ (stealth).
 16304 | Lair:4   | 16304 ||| Stepping ~*~*~tactically~*~*~ (stealth).
 16305 | Lair:4   | 16305 ||| INVOKING Berserk.
 16520 | Lair:4   | 16520 ||| Stepping ~*~*~tactically~*~*~ (stealth).
 16534 | Lair:4   | 16534 ||| Stepping ~*~*~tactically~*~*~ (stealth).
 16536 | Lair:4   | 16536 ||| Stepping ~*~*~tactically~*~*~ (stealth).
 16715 | Lair:4   | 16715 ||| Stepping ~*~*~tactically~*~*~ (stealth).
 16716 | Lair:4   | 16716 ||| Stepping ~*~*~tactically~*~*~ (stealth).
 16937 | Lair:4   | 16937 ||| Stepping ~*~*~tactically~*~*~ (stealth).
 16970 | Lair:4   | 16970 ||| INVOKING Berserk.
 16974 | Lair:4   | Reached XP level 13. HP: 113/113 MP: 12/12
 17186 | Lair:4   | 17186 ||| INVOKING Brothers in Arms.
 17187 | Lair:4   | 17187 ||| SWAPPING to +0 morningstar.
 17188 | Lair:4   | 17188 ||| INVOKING Berserk.
 17192 | Lair:4   | Reached skill level 12 in Armour
 17232 | Lair:4   | 17232 ||| SWAPPING to +3 war axe of protection.
 17945 | Lair:4   | 17945 ||| READING scroll labelled BUBOEDIEDA.
 17945 | Lair:4   | Identified a scroll of acquirement
 17945 | Lair:4   | 17945 ||| ACQUIRING +2 broad axe of electrocution
 17945 | Lair:4   | Acquired a +2 broad axe of electrocution
 17947 | Lair:4   | 17947 ||| SWAPPING to +2 broad axe of electrocution.
 17948 | Lair:4   | 17948 ||| DROPPING +3 war axe of protection.
 17991 | Lair:5   | Entered Level 5 of the Lair of Beasts
 17996 | Lair:5   | 17996 ||| INVOKING Berserk.
 18021 | Lair:5   | 18021 ||| FLEEEEING.
 18022 | Lair:5   | 18022 ||| STAIRDANCE
 18162 | Lair:5   | 18162 ||| INVOKING Berserk.
 18180 | Lair:5   | 18180 ||| FLEEEEING.
 18181 | Lair:5   | 18181 ||| FLEEEEING.
 18183 | Lair:5   | 18183 ||| STAIRDANCE
 18316 | Lair:5   | 18316 ||| Stepping ~*~*~tactically~*~*~ (hiding).
 18327 | Lair:5   | 18327 ||| Stepping ~*~*~tactically~*~*~ (hiding).
 18343 | Lair:5   | 18343 ||| Stepping ~*~*~tactically~*~*~ (water).
 18345 | Lair:5   | 18345 ||| READING 4 scrolls of teleportation.
 18346 | Lair:5   | 18346 ||| Stepping randomly (stuck).
 18357 | Lair:5   | 18357 ||| INVOKING Berserk.
 18359 | Lair:5   | HP: 42/171 [poisoned by a cane toad]
 18361 | Lair:5   | HP: 12/171 [black mamba (13)]
 18361 | Lair:5   | HP: 4/171 [elephant (8)]
 18362 | Lair:5   | Succumbed to a black mamba's poison

Levels and vault maps discovered:
D:1:      doesnt_arrival_eight_statues, layout_basic,
          dilly_ecumenical_altar_fadedgnrine
D:2:      minmay_angry_zag, layout_basic, basic_altar, minmay_lizard_king,
          uniq_sigmund
D:3:      layout_basic, minmay_distorted
D:4:      cheibrodos_pilgrimage, layout_basic, lemuel_crystal_altar
D:5:      layout_gridville, elyvilon_altar_5, grunt_temple_overflow_open,
          dk_noncrumbling_3, st_stairs_5
D:6:      layout_cave_pools, nicolae_yredelemnul_ghost_church,
          mainiacjoe_overflow_cross_hatched, lemuel_crystal_altar,
          amethyst_overflow_temple_binary, minmay_temple_entry_offerings
D:7:      layout_basic, st_stairs_5, hangedman_decor_opposing
D:8:      layout_loops_ring, hangedman_abyss_or_decor_lesser_grid
D:9:      layout_basic, lemuel_round_altar, mainiacjoe_overflow_tiny_flanked,
          zombieorc2_lemuel
D:10:     layout_big_octagon, hellmonk_bongcloud_opening, uniq_lodul,
          uniq_joseph
D:11:     layout_roguey, lair_entry_dummy
Lair:1:   layout_regular_city, nicolae_volcano_entry_hallway,
          chequers_serial_rivers_micro_d, chequers_serial_rivers_large_a
Lair:2:   layout_regular_city, minmay_swamp_entry_swarm,
          minmay_snake_entry_guardpost_large, chequers_serial_rivers_small_b,
          ice2_lemuel, serial_bayou_shore_a, uniq_fannar
Lair:3:   layout_small_grid, minmay_hedge_maze, guppyfry_lair_drakes
Lair:4:   layout_cave_pods
Lair:5:   guppyfry_lair_end_dragon, layout_cave_shapes,
          hangedman_lair_tendril_chambers, nicolae_slime_entry_slimehenge,
          serial_bayou_pond_b

Skill      XL: |  1  2  3  4  5  6  7  8  9 10 11 12 13 |
---------------+----------------------------------------+-----
Axes           | 4 7 9 10 12 14 16 | 16.9
Fighting       | 4 5 6 8 10 | 10.3
Shields        | 2 5 6 15 | 15.3
Armour         | 3 4 5 6 7 9 11 12 | 12.1
Throwing       | 1 2 3 4 |  4.2
Dodging        | 3 |  3.0

Action                   |  1- 3 |  4- 6 |  7- 9 | 10-12 | 13-15 || total
-------------------------+-------+-------+-------+-------+-------++-------
Melee: Hand axe          |    57 |   142 |   215 |   330 |       ||   744
       Headbutt          |     2 |    20 |    32 |   132 |    21 ||   207
       Punch             |     1 |       |       |       |       ||     1
       War axe           |       |       |       |   363 |    31 ||   394
       Broad axe         |       |       |       |       |    49 ||    49
       Morningstar       |       |       |       |       |    11 ||    11
Throw: Boomerang         |     3 |    55 |    34 |    57 |       ||   149
       Javelin           |       |       |       |    35 |     5 ||    40
Invok: Berserk           |     1 |     4 |    10 |    14 |     4 ||    33
       Brothers in Arms  |       |       |       |     3 |     1 ||     4
  Use: Scroll            |     2 |     6 |    11 |     5 |     2 ||    26
       Potion            |       |     4 |     3 |     3 |       ||    10
Armor: Chain mail        |    11 |    54 |       |       |       ||    65
       Animal skin       |     5 |       |       |       |       ||     5
       Crystal plate arm |       |    14 |   125 |   281 |    57 ||   477
Dodge: Dodged            |    16 |    25 |    15 |    96 |    23 ||   175
Block: Kite shield       |       |    18 |    74 |   324 |    54 ||   470

Table legend:
 A = Non-vault XP
 B = Vault XP
 C = Vault XP percentage of total XP
 D = Non-vault monster count
 E = Vault monster count
 F = Vault count percentage of total count
                 A         B        C        D         E       F
            +---------+---------+-------+---------+---------+-------
      Total |   34205 |   10820 |  24.0 |     264 |     104 |  28.3
            +---------+---------+-------+---------+---------+-------
        D:1 |      18 |       0 |   0.0 |      11 |       0 |   0.0
        D:2 |       6 |     242 |  97.6 |       4 |      12 |  75.0
        D:3 |      60 |       4 |   6.2 |      16 |       2 |  11.1
        D:4 |     103 |      89 |  46.4 |      24 |       6 |  20.0
        D:5 |     994 |     167 |  14.4 |      19 |       3 |  13.6
        D:6 |     452 |      94 |  17.2 |       8 |       2 |  20.0
        D:7 |    1176 |     132 |  10.1 |      21 |       2 |   8.7
        D:8 |    1271 |       0 |   0.0 |      12 |       0 |   0.0
        D:9 |    2358 |     739 |  23.9 |      22 |      36 |  62.1
       D:10 |    1475 |    2022 |  57.8 |      20 |       9 |  31.0
       D:11 |    3282 |       0 |   0.0 |      17 |       0 |   0.0
     Lair:1 |    4633 |       0 |   0.0 |      22 |       0 |   0.0
     Lair:2 |     346 |    4926 |  93.4 |       3 |      20 |  87.0
     Lair:3 |    3177 |     883 |  21.7 |      14 |       3 |  17.6
     Lair:4 |   11018 |       0 |   0.0 |      37 |       0 |   0.0
     Lair:5 |    3836 |    1522 |  28.4 |      14 |       9 |  39.1
            +---------+---------+-------+---------+---------+-------
